 Dungeon Crawl Stone Soup version 0.25-a0-937-gcfae464cf3 (webtiles) character file.

Game seed: 10848560133550060128, levelgen mode: deterministic

108 tilp the Bolt Thrower (level 5, -1/29 HPs)
             Began as a Kobold Arcane Marksman on May 4, 2020.
             Killed by nerve-wracking pain
             ... invoked by an orc priest
              (10 damage)
             ... on level 3 of the Dungeon.
             The game lasted 00:09:14 (3594 turns).

tilp the Bolt Thrower (Kobold Arcane Marksman)      Turns: 3594, Time: 00:09:14

Health: -1/29      AC:  2    Str:  8    XL:     5   Next: 12%
Magic:  5/6        EV: 15    Int: 14    God:
Gold:   145        SH:  0    Dex: 16    Spells: 3/6 levels left

rFire    . . .     SeeInvis .   a - +1 hand crossbow
rCold    . . .     Gourm    .   (shield restricted)
rNeg     . . .     Faith    .   e - +0 robe
rPois    .         Spirit   .   (no helmet)
rElec    .         Reflect  .   (no cloak)
rCorr    .         Harm     .   (no gloves)
MR       .....                  (no boots)
Stlth    +.........             (no amulet)
HPRegen  0.09/turn              (no ring)
MPRegen  0.10/turn              (no ring)

@: no status effects
A: small, carnivore
a: no special abilities


You were on level 3 of the Dungeon.
You were completely stuffed.

You visited 1 branch of the dungeon, and saw 3 of its levels.

You collected 145 gold pieces.

Inventory:

Hand Weapons
 a - a +1 hand crossbow (weapon)
 b - a +0 morningstar
Missiles
 d - 15 bolts (quivered)
 o - 14 poisoned darts
Armour
 e - a +0 robe (worn)
Jewellery
 p - an uncursed ring of protection from cold {unknown}
Wands
 g - a wand of polymorph (10)
Scrolls
 i - a scroll of enchant weapon
 j - a scroll of teleportation {unknown}
 r - a scroll of remove curse {unknown}
 t - a scroll of magic mapping {unknown}
Potions
 f - a potion of haste
 h - a potion of berserk rage
 k - a potion of curing
 l - a potion of might {unknown}
 m - a potion of heal wounds
 n - a potion of degeneration {unknown}
 s - a potion of flight {unknown}
Comestibles
 c - 8 rations
 q - 10 chunks of flesh


   Skills:
 - Level 1.1 Fighting
 + Level 5.9 Crossbows
 - Level 2.4 Dodging
 - Level 1.1 Spellcasting
 - Level 3.0 Hexes


You had 3 spell levels left.
You knew the following spells:

 Your Spells              Type           Power        Failure   Level  Hunger
a - Corona                Hex            #......      8%          1    ##.....
b - Slow                  Hex            #.......     12%         2    ###....

Your spell library contained the following spells:

 Spells                   Type           Power        Failure   Level  Hunger
 Inner Flame              Hex/Fire       #.......     38%         3    ####...
 Portal Projectile        Hex/Tloc       #.....       38%         3    ####...
 Cause Fear               Hex            #.........   58%         4    #####..
 Leda's Liquefaction      Hex/Erth       #.........   80%         4    #####..


Dungeon Overview and Level Annotations

Branches:
Dungeon (3/15)

Altars:
Xom

Annotations:
D:3 Ijyb


Innate Abilities, Weirdness & Mutations

You are small and have problems with some larger weapons.
You are carnivorous and can eat meat at any time.


Message History

The orc stops glowing.
The orc closely misses you.
The orc priest hits you with a cursed +0 dagger.
The orc barely misses you.
Firing (i - inventory. (/) - cycle)
d - 17 bolts (quivered)
Press: ? - help, Shift-Dir - straight line, f/p - orc priest
Aim: an orc priest, wielding a +0 dagger and wearing a +0 chain mail (severely wounded)
You shoot a bolt. The bolt barely misses the orc priest.
The orc hits you with a +0 mace.
The orc priest invokes the aid of Beogh against you.
Pain shoots through your body!
* * * LOW HITPOINT WARNING * * *
The orc hits you but does no damage.
Firing (i - inventory. (/) - cycle)
d - 16 bolts (quivered)
Press: ? - help, Shift-Dir - straight line, f/p - orc priest
Aim: an orc priest, wielding a +0 dagger and wearing a +0 chain mail (severely wounded)
You shoot a bolt. The bolt hits the orc priest.
The orc priest is almost dead.
The orc priest invokes the aid of Beogh against you.
Pain shoots through your body!
You die...

###+#.......#####.
#(...######.# #.
#.....#### .# ##
#.....(.....#
#.....#########
#..>..........+
#....###+##...#
#oo.......#...#
#@o.(...(.#...#
#####(....#...####
#................
#................
#...............)
#................
#................
#................
#..........).....


You could see an orc priest and 2 orcs.

Vanquished Creatures
  2 adders (D:2)
  2 oozes (D:1)
  A worm (D:2)
  5 dart slugs
  3 leopard geckos
  5 orcs (D:3)
  2 ball pythons (D:1)
  10 goblins
  6 hobgoblins
  4 jackals (D:2)
  A quokka (D:2)
  6 bats
  A frilled lizard (D:1)
  4 kobolds
  5 rats
57 creatures vanquished.

Notes
Turn   | Place    | Note
-------+----------+-------------------------------------------
     0 | D:1      | tilp the Kobold Arcane Marksman began the quest for the
                  | Orb.
     0 | D:1      | Reached XP level 1. HP: 12/12 MP: 2/2
   205 | D:1      | Reached skill level 3 in Crossbows
   234 | D:1      | Reached XP level 2. HP: 16/16 MP: 1/3
   460 | D:1      | Learned a level 2 spell: Slow
   808 | D:1      | Reached skill level 4 in Crossbows
   808 | D:1      | Reached XP level 3. HP: 18/20 MP: 0/4
  1743 | D:2      | Reached XP level 4. HP: 25/25 MP: 5/5
  1901 | D:2      | Reached skill level 5 in Crossbows
  2012 | D:2      | Found a shimmering altar of Xom.
  2012 | D:2      | Found a shimmering altar of Xom.
  2014 | D:2      | Found a shimmering altar of Xom.
  2014 | D:2      | Found a shimmering altar of Xom.
  2479 | D:2      | Found a shimmering altar of Xom.
  3241 | D:3      | Noticed Ijyb
  3450 | D:3      | Reached XP level 5. HP: 29/29 MP: 6/6
  3594 | D:3      | Killed from afar by an orc priest

Levels and vault maps discovered:
D:1:      dpeg_arrival_solitude, layout_basic, corexii_leaking_fountain
D:2:      layout_basic, xom_redecorated, first_ration
D:3:      minmay_chambers_of_twos, layout_basic, uniq_ijyb

Skill      XL: |  1  2  3  4 |
---------------+-------------+-----
Crossbows      | 3 4 5 |  5.9
Fighting       | |  1.1
Dodging        | |  2.4
Spellcasting   | |  1.1
Hexes          | |  3.0

Action                   |  1- 3 |  4- 6 || total
-------------------------+-------+-------++-------
Melee: Dagger            |    84 |    52 ||   136
       Short sword       |       |    30 ||    30
 Fire: Hand crossbow     |    40 |    38 ||    78
Throw: Stone             |     1 |       ||     1
 Cast: Corona            |    30 |    19 ||    49
       Slow              |       |     7 ||     7
  Use: Scroll            |     3 |     1 ||     4
       Potion            |       |     3 ||     3
 Stab: Sleeping          |       |     2 ||     2
  Eat: Chunk             |     8 |    11 ||    19
Armor: Robe              |    32 |    17 ||    49
Dodge: Dodged            |    87 |    87 ||   174

Table legend:
 A = Non-vault XP
 B = Vault XP
 C = Vault XP percentage of total XP
 D = Non-vault monster count
 E = Vault monster count
 F = Vault count percentage of total count
                 A         B        C        D         E       F
            +---------+---------+-------+---------+---------+-------
      Total |     155 |       0 |   0.0 |      57 |       0 |   0.0
            +---------+---------+-------+---------+---------+-------
        D:1 |      68 |       0 |   0.0 |      29 |       0 |   0.0
        D:2 |      69 |       0 |   0.0 |      21 |       0 |   0.0
        D:3 |      18 |       0 |   0.0 |       7 |       0 |   0.0
            +---------+---------+-------+---------+---------+-------
